[Event "FIDE World Cup O12-A 2024"]
[Site "Batumi"]
[Date "2024.06.24"]
[Round "2.1"]
[White "Yang, ZiLong"]
[Black "Wang, Ted"]
[Result "1-0"]
[ECO "B33"]
[WhiteElo "1874"]
[BlackElo "2034"]
[Annotator "NA RC"]
[PlyCount "109"]
[EventDate "2024.06.23"]
[EventType "swiss"]
[EventCountry "GEO"]
[SourceTitle "playchess.com"]
[Source "ChessBase"]
[SourceQuality "1"]
[TimeControl "5400+30"]

1. e4 c5 2. Nf3 Nc6 3. d4 cxd4 4. Nxd4 Nf6 5. Nc3 e5 6. Ndb5 d6 7. Nd5 Nxd5 8. exd5 Nb8 9. a4 Be7 10. Be2 O-O 11. O-O {[%emt 0:00:22] B33: Sicilian: Pelikan and Sveshnikov Variations.} Nd7 12. Bd2 f5 13. a5 a6 14. Na3 e4 15. Nc4 Ne5 16. Nb6 Rb8 17. f4 exf3 18. Bxf3 g5 19. c4 f4 20. Be4 Bg4 21. Qc2 Rf7 22. Bc3 Qc7 23. b4 Bf6 24. h3 (24. Rae1 $16) 24... Bh5 25. Rac1 $1 Rbf8 26. c5 Kh8 $16 27. Nc4 Nxc4 28. Bxf6+ Rxf6 29. Qxc4 f3 30. Qd4 dxc5 31. bxc5 Qf4 32. Qd3 g4 33. Rc2 Qg3 34. hxg4 Bxg4 35. Qd4 Qf4 36. Rd2 Rg8 37. d6 Rg7 38. Bd5 Qg5 39. Re1 Bd7 40. Bxb7 Kg8 41. Qd5+ Qxd5 42. Bxd5+ Kf8 43. Rb2 Rg5 44. Rd1 Rff5 45. Rb8+ Kg7 46. Rb7 Rxg2+ 47. Kf1 Rh2 48. Rxd7+ Kh6 49. Be4 Rh1+ 50. Kf2 Rh2+ 51. Ke3 Re2+ 52. Kd4 Rf4 53. Rxh7+ Kg5 54. Rg1+ Kf6 55. Rg6# 1-0

[Event "FIDE World Cup O12-A 2024"]
[Site "Batumi"]
[Date "2024.06.24"]
[Round "2.2"]
[White "Obidov, Biloliddin"]
[Black "Mamikonyan, Artem T"]
[Result "1-0"]
[ECO "E05"]
[WhiteElo "1998"]
[BlackElo "1855"]
[Annotator "RC"]
[PlyCount "69"]
[EventDate "2024.06.23"]
[EventType "swiss"]
[EventCountry "GEO"]
[SourceTitle "playchess.com"]
[Source "ChessBase"]
[SourceQuality "1"]
[TimeControl "5400+30"]

1. d4 d5 2. c4 e6 3. Nf3 Nf6 4. g3 Be7 5. Bg2 O-O 6. O-O dxc4 7. Qc2 a6 8. a4 Bd7 9. Qxc4 Bc6 10. Bg5 Nbd7 11. Nc3 Nd5 12. Bxe7 Qxe7 13. Rfc1 N7b6 14. Nxd5 exd5 15. Qc2 f6 16. b3 Rae8 17. e3 Nd7 18. Bf1 Nb8 19. Bd3 g6 20. h4 Qe6 21. h5 Qg4 22. Kg2 Qxh5 23. Rh1 Qg4 24. Rh4 Qd7 25. Rah1 f5 26. Rxh7 Qxh7 27. Rxh7 Kxh7 28. g4 fxg4 29. Ne5 Kg7 30. Nxg6 Rf6 31. Nf4 Rh8 32. Bg6 Kh6 33. Bf7 Rf8 34. Be6 b6 35. Qd1 1-0

[Event "FIDE World Cup O12-A 2024"]
[Site "Batumi"]
[Date "2024.06.24"]
[Round "2.3"]
[White "Siddhanth Poonja"]
[Black "Yin, Zeming"]
[Result "1-0"]
[ECO "A13"]
[WhiteElo "1958"]
[BlackElo "1832"]
[Annotator "RC"]
[PlyCount "55"]
[EventDate "2024.06.23"]
[EventType "swiss"]
[EventCountry "GEO"]
[SourceTitle "playchess.com"]
[Source "ChessBase"]
[SourceQuality "1"]
[TimeControl "5400+30"]

1. c4 e6 2. g3 Nf6 3. Bg2 d5 4. Nf3 c6 5. O-O Nbd7 6. b3 Be7 7. Bb2 b6 8. Nc3 Bb7 9. e3 O-O 10. Qe2 e5 11. d3 Bb4 12. a3 Bxc3 13. Bxc3 e4 14. dxe4 Nxe4 15. Bb2 Ba6 16. Qc2 Ndc5 17. Rfd1 Qc8 18. b4 Ne6 19. Nd4 Nf6 20. Nf5 Qd8 21. b5 cxb5 22. cxd5 Rc8 23. Qb1 Nc5 24. d6 Ra8 25. Ne7+ Kh8 26. Bxf6 gxf6 27. Qf5 Ne6 28. Be4 1-0

[Event "FIDE World Cup O12-A 2024"]
[Site "Batumi"]
[Date "2024.06.24"]
[Round "2.4"]
[White "Yerzhanuly Yernur"]
[Black "Bulgak, Damir"]
[Result "0-1"]
[ECO "D01"]
[WhiteElo "1810"]
[BlackElo "1931"]
[Annotator "NA RC"]
[PlyCount "70"]
[EventDate "2024.06.23"]
[EventType "swiss"]
[EventCountry "GEO"]
[SourceTitle "playchess.com"]
[Source "ChessBase"]
[SourceQuality "1"]
[TimeControl "5400+30"]

1. d4 Nf6 2. Bf4 g6 3. Nc3 d5 4. Qd2 Bg7 5. Bh6 O-O 6. Bxg7 {[%emt 0:00:00] D01: Veresov Opening.} Kxg7 7. O-O-O c6 8. f3 b5 9. e4 b4 10. e5 bxc3 11. exf6+ exf6 12. Qxc3 Qd6 13. h4 h5 14. Be2 (14. Kb1 $11) 14... Qg3 15. Bd3 Qxg2 16. Ne2 Qxf3 17. Rhg1 (17. Rde1 $17 {was called for.}) 17... Bg4 18. Rg3 Qf2 19. Rdg1 Re8 ({Weaker is} 19... Bxe2 20. Qd2 $17) 20. b3 $19 (20. Qe1 $142 Qxe1+ (20... Rxe2 $2 21. Bxe2 Qxe2 22. Qxe2 $19) 21. Rxe1) 20... f5 21. Kb2 f4 22. R1g2 fxg3 23. Rxf2 gxf2 24. Ng3 Re3 25. Nf1 Rf3 26. Qd2 Nd7 27. Be2 Rf5 28. Ng3 Rf6 29. Bxg4 hxg4 30. Qe2 Rf3 31. Nf1 Nf6 32. Nh2 Rf5 33. Nf1 Re8 34. Qa6 Re1 35. a4 Rxf1 0-1

[Event "FIDE World Cup O12-A 2024"]
[Site "Batumi"]
[Date "2024.06.24"]
[Round "2.5"]
[White "Kristesiashvili, Andria"]
[Black "Li, Yiheng"]
[Result "1/2-1/2"]
[ECO "B95"]
[WhiteElo "1728"]
[BlackElo "1886"]
[Annotator "NA RC"]
[PlyCount "122"]
[EventDate "2024.06.23"]
[EventType "swiss"]
[EventCountry "GEO"]
[SourceTitle "playchess.com"]
[Source "ChessBase"]
[SourceQuality "1"]
[TimeControl "5400+30"]

1. e4 c5 2. Nf3 d6 3. d4 cxd4 4. Nxd4 Nf6 5. Nc3 a6 6. Bg5 e6 7. Qf3 Nbd7 8. O-O-O Qc7 9. g4 {[%emt 0:04:44] B95: Sicilian Najdorf: 6 Bg5 e6, unusual White 7th moves.} Be7 10. Bd2 Ne5 11. Qg2 Nfd7 12. f4 Nc4 13. Bxc4 Qxc4 14. Be3 Rb8 15. Qe2 Qxe2 16. Ndxe2 b5 17. a3 Bb7 18. g5 f5 (18... h6 $142) 19. gxf6 Nxf6 20. Rhg1 Nxe4 21. Rxg7 Nxc3 22. Nxc3 Rc8 $14 (22... Bf6 $11 23. Rxb7 (23. Rc7 Bd8 $11) 23... Rxb7) 23. Bd4 Rf8 24. Be3 Rf7 25. Rg3 Kd7 26. Rd2 Rcf8 27. Ne2 Be4 28. Nd4 d5 29. Nf3 Bxf3 30. Rxf3 Bd6 31. Rh3 Bxf4 32. Bxf4 Rxf4 33. Rxh7+ R4f7 34. Rxf7+ Rxf7 35. Re2 Kd6 36. Kd2 e5 37. Rg2 Rf6 38. Ke2 d4 39. c3 Kd5 40. cxd4 Kxd4 41. h4 e4 42. Rg3 Rc6 43. Kd2 Rh6 44. Rg4 Rh5 45. Rf4 a5 46. b4 axb4 47. axb4 Rh6 48. Rf5 Rxh4 49. Rxb5 Rh2+ 50. Kd1 Kd3 51. Rd5+ Ke3 52. b5 Rh1+ 53. Kc2 Ke2 54. Rd2+ Ke3 55. Rd1 Rh5 56. Rb1 Rc5+ 57. Kd1 Rd5+ 58. Ke1 Rd7 59. b6 Rb7 60. Rb3+ Kd4 61. Ke2 Kc5 1/2-1/2

[Event "FIDE World Cup O12-A 2024"]
[Site "Batumi"]
[Date "2024.06.24"]
[Round "2.6"]
[White "Syed Abdul Khader"]
[Black "Berdashkevich, Makar"]
[Result "1-0"]
[ECO "E20"]
[WhiteElo "2050"]
[BlackElo "1650"]
[Annotator "NA RC"]
[PlyCount "147"]
[EventDate "2024.06.23"]
[EventType "swiss"]
[EventCountry "GEO"]
[SourceTitle "playchess.com"]
[Source "ChessBase"]
[SourceQuality "1"]
[TimeControl "5400+30"]

1. d4 Nf6 2. c4 e6 3. Nc3 Bb4 4. f3 c5 5. d5 b5 6. e4 bxc4 7. Bxc4 Nxd5 8. Bxd5 exd5 9. Qxd5 Nc6 10. Nge2 Ba6 11. Kf2 O-O 12. Bf4 Ba5 13. a3 Bb6 14. Rad1 Nd4 15. Be5 Nc6 16. Bd6 $11 Re8 17. g3 Rc8 18. Nf4 Nd4 19. Qh5 Ne6 20. Nfd5 Rc6 21. e5 c4+ 22. Kg2 Bc5 23. Ne4 Bxd6 24. Nxd6 Rxd6 25. exd6 Qb8 26. Qe5 c3 27. Qxc3 Bb7 28. Ne7+ Kh8 29. h4 a5 30. Rhe1 a4 31. Kh2 Ba8 32. Rd2 Qb5 33. Re5 Qf1 34. Qd3 Qxf3 35. Qxf3 Bxf3 36. Rf5 Bg4 37. Ra5 h5 38. Rxa4 g5 39. Rc4 gxh4 40. gxh4 f5 41. Rf2 f4 42. Ng6+ Kh7 43. Nxf4 Rf8 44. Kg3 Rg8 45. Kh2 Rf8 46. Nh3 Rb8 47. Nf4 Rf8 48. Nd3 Rb8 49. Ne5 Rb6 50. Nxd7 Rxd6 51. Nf6+ Kg6 52. Nxg4 hxg4 53. Rxg4+ Kh5 54. Re4 Nd4 55. b4 Nb3 56. Re5+ Kg4 57. Re3 Nd4 58. Rd3 Rd5 59. b5 Rd6 60. b6 Rxb6 61. Rxd4+ Kh5 62. a4 Ra6 63. Rf5+ Kh6 64. a5 Ra7 65. Rd6+ Kh7 66. a6 Rc7 67. Rb5 Rc2+ 68. Kg3 Rc3+ 69. Kf4 Rc4+ 70. Kg5 Rc8 71. a7 Rg8+ 72. Kh5 Rh8 73. Rh6+ Kg7 74. Rb7+ 1-0

[Event "FIDE World Cup O12-A 2024"]
[Site "Batumi"]
[Date "2024.06.24"]
[Round "2.7"]
[White "Kleschevnikov, Arseny"]
[Black "Sobirov, Afruzbek"]
[Result "1/2-1/2"]
[ECO "E20"]
[WhiteElo "1895"]
[BlackElo "1789"]
[Annotator "NA RC"]
[PlyCount "111"]
[EventDate "2024.06.23"]
[EventType "swiss"]
[EventCountry "GEO"]
[SourceTitle "playchess.com"]
[Source "ChessBase"]
[SourceQuality "1"]
[TimeControl "5400+30"]

1. d4 Nf6 2. c4 e6 3. Nc3 Bb4 4. f3 c5 5. d5 d6 6. e4 Bxc3+ 7. bxc3 e5 8. Ne2 h6 9. Be3 Qa5 10. Qb3 Nbd7 11. Ng3 Nb6 12. Be2 Bd7 13. O-O g5 14. a4 O-O-O 15. Rfb1 Rhg8 16. Qb2 Rg7 $16 17. Bd3 h5 18. Nf1 h4 19. Nd2 Nh5 20. h3 Nf4 21. Bf1 Rdg8 22. Nb3 Qa6 23. a5 Na8 24. Qf2 f5 25. Bxf4 gxf4 26. Kh2 fxe4 27. fxe4 Rg3 28. Nd2 Nc7 29. Nf3 Ne8 30. Bd3 Nf6 31. Ra2 Bg4 32. Re1 Bxf3 33. gxf3 Nh7 34. Qf1 Ng5 35. Be2 Rxh3+ 36. Qxh3+ Nxh3 37. Kxh3 Rg3+ 38. Kh2 b6 39. Rea1 Kb8 40. axb6 Qxb6 41. Ra5 Qc7 42. Rb5+ Kc8 43. Rab1 h3 44. Bf1 Rxf3 45. Bxh3+ Rxh3+ 46. Kxh3 Qh7+ 47. Kg4 Qg6+ 48. Kf3 Qg3+ 49. Ke2 Qe3+ 50. Kf1 Qf3+ 51. Kg1 Qg3+ 52. Kf1 Qd3+ 53. Kg1 Qg3+ 54. Kf1 Qh3+ 55. Kg1 Qg4+ 56. Kf1 1/2-1/2

[Event "FIDE World Cup O12-A 2024"]
[Site "Batumi"]
[Date "2024.06.24"]
[Round "2.8"]
[White "Diasamidze, Rati"]
[Black "Guo, Ethan"]
[Result "0-1"]
[ECO "D86"]
[WhiteElo "1646"]
[BlackElo "2136"]
[Annotator "RC"]
[PlyCount "67"]
[EventDate "2024.06.23"]
[EventType "swiss"]
[EventCountry "GEO"]
[SourceTitle "playchess.com"]
[Source "ChessBase"]
[SourceQuality "1"]
[TimeControl "5400+30"]

1. d4 Nf6 2. c4 g6 3. Nc3 d5 4. cxd5 Nxd5 5. e4 Nxc3 6. bxc3 Bg7 7. Bc4 c5 8. Be3 Qa5 9. Qd2 Nc6 10. Rd1 O-O 11. Ne2 Rd8 12. O-O b5 13. Bd5 Bb7 14. Qc2 cxd4 15. Bxc6 d3 16. Rxd3 Bxc6 17. Rd2 Rxd2 18. Bxd2 Rd8 19. f3 Qb6+ 20. Kh1 Qc5 21. Nc1 Qc4 22. Re1 b4 23. Ne2 Qd3 24. Qxd3 Rxd3 25. Bf4 bxc3 26. Kg1 c2 27. Nc1 Bd4+ 28. Kf1 Bb5 29. Nxd3 Bxd3+ 30. Re2 Bxe2+ 31. Kxe2 Bb2 32. Kd3 c1=Q 33. Bxc1 Bxc1 34. Kd4 0-1

[Event "FIDE World Cup O12-A 2024"]
[Site "Batumi"]
[Date "2024.06.24"]
[Round "2.9"]
[White "Nanayakkara, Sanuk"]
[Black "Yang, Maxwell"]
[Result "1/2-1/2"]
[ECO "D02"]
[WhiteElo "1714"]
[BlackElo "1979"]
[Annotator "NA RC"]
[PlyCount "174"]
[EventDate "2024.06.23"]
[EventType "swiss"]
[EventCountry "GEO"]
[SourceTitle "playchess.com"]
[Source "ChessBase"]
[SourceQuality "1"]
[TimeControl "5400+30"]

1. Nf3 d5 2. g3 Nd7 3. d4 Nb6 4. Bg2 Bf5 5. O-O e6 6. b3 {[%emt 0:05:12] D02: 1 d4 d5 2 Nf3 sidelines, including 2...Nf6 3 g3 and 2...Nf6 3 Bf4.} Nf6 7. c4 c6 8. Nbd2 Be7 9. Bb2 O-O 10. Ne5 Nfd7 11. e4 dxe4 12. Nxe4 Bxe4 13. Bxe4 f5 14. Bg2 Nxe5 15. dxe5 Bc5 16. Qxd8 (16. Bc3 $14) 16... Rfxd8 17. Rfd1 Kf7 18. Kf1 Ke7 19. f4 Rd7 20. Rxd7+ Nxd7 21. Rd1 a5 22. a3 Ke8 23. Bc3 $11 Bxa3 24. Ra1 Be7 25. Rxa5 Rxa5 26. Bxa5 Nc5 27. b4 Nb3 28. Ke2 Bc5 29. Kd3 Bg1 30. h3 Nxa5 31. bxa5 Bh2 32. Ke3 Bxg3 33. Bxc6+ Kd8 34. Bxb7 Kc7 35. Bf3 g5 36. fxg5 Bxe5 37. h4 Bc3 38. a6 e5 39. h5 Kb6 40. Bb7 Bd4+ 41. Kd3 Bc5 42. Bc8 e4+ 43. Kd2 f4 44. Bf5 e3+ 45. Ke2 Be7 46. g6 hxg6 47. hxg6 Bf6 48. Bd3 Kxa6 49. Kf3 Kb6 50. Kxf4 Bd4 51. Ke4 Kc5 52. Bf1 Bb2 53. Kxe3 Kd6 54. Bd3 Bc3 55. Ke4 Bb2 56. Kf5 Bg7 57. Be2 Bc3 58. Bf3 Bb2 59. Kg5 Bg7 60. Kf5 Bc3 61. Bd5 Bb2 62. Ke4 Bg7 63. Kd3 Bf6 64. Kc2 Kc5 65. Kb3 Bg7 66. Ka4 Bc3 67. Bf7 Kb6 68. Kb3 Bg7 69. Kb4 Bf8+ 70. Kc3 Kc5 71. Kd3 Bg7 72. Ke4 Kd6 73. Kf5 Bc3 74. Ke4 Bg7 75. Bg8 Bh8 76. Bd5 Bg7 77. Kf5 Bc3 78. Ke4 Bg7 79. Kf4 Bc3 80. Kg4 Bf6 81. Be4 Bc3 82. Bd5 Bf6 83. Kf5 Bc3 84. Kg5 Bg7 85. Bf7 Kc5 86. Kh5 Kd6 87. Kg5 Kc5 1/2-1/2

[Event "FIDE World Cup O12-A 2024"]
[Site "Batumi"]
[Date "2024.06.24"]
[Round "2.10"]
[White "Kozhedub, Ivan"]
[Black "Todua, Andria"]
[Result "1-0"]
[ECO "B26"]
[WhiteElo "1778"]
[BlackElo "1599"]
[Annotator "NA RC"]
[PlyCount "93"]
[EventDate "2024.06.23"]
[EventType "swiss"]
[EventCountry "GEO"]
[SourceTitle "playchess.com"]
[Source "ChessBase"]
[SourceQuality "1"]
[TimeControl "5400+30"]

1. e4 c5 2. Nc3 Nc6 3. g3 g6 4. Bg2 Bg7 5. d3 d6 6. Nge2 e6 7. O-O Nge7 8. Be3 Nd4 9. Qd2 O-O 10. Nd1 Rb8 11. c3 Nxe2+ 12. Qxe2 b5 13. d4 cxd4 14. Bxd4 Bxd4 15. cxd4 Nc6 16. Qd2 e5 17. dxe5 dxe5 18. Qh6 Nd4 19. Ne3 Be6 20. Kh1 Bc4 21. Rfd1 Be2 22. Rdc1 Qd6 23. Nd5 Bc4 24. Ne3 Rfc8 25. b3 Be6 26. f4 Rxc1+ 27. Rxc1 Qa3 28. Rf1 f6 29. f5 Bf7 30. Ng4 Rb6 31. fxg6 hxg6 32. Nxf6+ Rxf6 33. Rxf6 Qxa2 34. Qg5 Nxb3 35. h4 Nc5 36. Rc6 Qa1+ 37. Kh2 Qd4 38. Qe7 Ne6 39. Rxe6 Bxe6 40. Qxe6+ Kg7 41. Qe7+ Kg8 42. Qe8+ Kh7 43. Qxb5 Qc3 44. Qb7+ Kh6 45. Qxa7 Qb2 46. Qf7 Qd4 47. Qg8 1-0

[Event "FIDE World Cup O12-A 2024"]
[Site "Batumi"]
[Date "2024.06.24"]
[Round "2.11"]
[White "Tavberidze, Alexandre"]
[Black "Haresh, Venkata Narayanaswam"]
[Result "0-1"]
[ECO "B92"]
[WhiteElo "1529"]
[BlackElo "1728"]
[Annotator "NA RC"]
[PlyCount "190"]
[EventDate "2024.06.23"]
[EventType "swiss"]
[EventCountry "GEO"]
[SourceTitle "playchess.com"]
[Source "ChessBase"]
[SourceQuality "1"]
[TimeControl "5400+30"]

1. e4 c5 2. Nf3 d6 3. d4 cxd4 4. Nxd4 Nf6 5. Nc3 a6 6. Be2 e5 7. Nb3 Be7 8. O-O Be6 9. Be3 Nbd7 10. Kh1 b5 11. f3 O-O 12. Qd2 Nb6 13. Bxb6 Qxb6 14. Rad1 Rad8 15. Nd5 Nxd5 16. exd5 Bd7 17. f4 exf4 18. Qxf4 Bf6 19. c3 Be5 20. Qf2 Qb7 21. Bd3 g6 22. Be2 Ra8 23. Bf3 b4 24. c4 Qc7 25. c5 Bb5 26. Rfe1 dxc5 27. Nxc5 Bxh2 28. Ne4 Be5 29. d6 Qd8 30. d7 Bc6 31. Nc5 Bxf3 32. gxf3 Qc7 33. Re2 Bg3 34. Qd4 Rfd8 35. Qd5 Qf4 36. Kg2 Bh4 37. Qe5 Qxe5 38. Rxe5 Ra7 39. Re8+ Kg7 40. Re4 Bf6 41. Rd6 Rc7 42. Rd5 Kf8 43. Nxa6 Rcxd7 44. Rxd7 Rxd7 45. Rxb4 Rd2+ 46. Kg3 Rxb2 47. Rxb2 Bxb2 48. Nc5 Ba3 49. Ne4 f5 50. Nc3 Ke8 51. Nd5 h6 52. f4 Kf7 53. Nc3 g5 54. Nb5 Bb4 55. a4 Be1+ 56. Kf3 g4+ 57. Ke2 Bb4 58. Nd4 Kf6 59. Nc6 Bc5 60. a5 Ke6 61. Nd8+ Kd5 62. Nf7 h5 63. a6 Ke4 64. Ne5 g3 65. Kf1 Ba7 66. Ng6 Kf3 67. Nh4+ Kxf4 68. Kg2 Kg4 69. Nxf5 h4 70. Nh6+ Kg5 71. Nf7+ Kf6 72. Nd6 Ke5 73. Nb5 Bb6 74. a7 Bxa7 75. Nxa7 Kf4 76. Nc6 h3+ 77. Kg1 Kg4 78. Ne5+ Kf4 79. Ng6+ Ke3 80. Ne5 Ke4 81. Ng4 Kf4 82. Nh2 Ke4 83. Nf1 g2 84. Nh2 Ke3 85. Ng4+ Kf3 86. Nf6 Kg3 87. Ne4+ Kf4 88. Nf2 Kg3 89. Ne4+ Kf3 90. Nd2+ Ke3 91. Nf1+ Kf4 92. Nd2 Ke3 93. Nf1+ Ke2 94. Ng3+ Kf3 95. Nf1 gxf1=Q+ 0-1